 Dungeon Crawl Stone Soup version 0.26-a0-663-g36e8fdb655 (webtiles) character file.

Game seed: 3910557280661103378

123 jiml777 the Grasshopper (level 5, -1/43 HPs)
             Began as a Gnoll Warper on Oct 10, 2020.
             Was an Initiate of Gozag.
             Slain by an apocalypse crab (9 damage)
             ... on level 1 of the Abyss.
             The game lasted 00:12:59 (2967 turns).

jiml777 the Grasshopper (Gnoll Warper)              Turns: 2967, Time: 00:12:59

Health: -1/43      AC:  9    Str: 13    XL:     5   Next: 7%
Magic:  12/12      EV: 14    Int: 16    God:    Gozag
Gold:   345        SH:  0    Dex: 15    Spells: 9/14 levels left

rFire    . . .     SeeInvis .   a - +0 spear
rCold    . . .     Faith    .   (no shield)
rNeg     . . .     Spirit   .   k - +3 leather armour
rPois    .         Reflect  .   l - +0 helmet
rElec    .         Harm     .   r - +0 cloak
rCorr    +         Rampage  .   (no gloves)
MR       .....                  c - +0 pair of boots
Stlth    ++........             (no amulet)
HPRegen  0.14/turn              h - ring of resist corrosion
MPRegen  0.13/turn              (no ring)

@: very slightly contaminated, hasted and slowed, invisible
A: distributed training, fangs 1, strong nose
a: Potion Petition, Call Merchant, Bribe Branch, Renounce Religion


You were on level 1 of the Abyss.
You worshipped Gozag.
Gozag was aware of your devotion.
You visited 1 branch of the dungeon, and saw 3 of its levels.
You visited the Abyss 1 time.

You collected 360 gold pieces.
You paid 15 gold pieces to Gozag.

Inventory:

Hand Weapons
 a - a +0 spear (weapon)
Missiles
 e - 9 boomerangs of dispersal
 f - 30 poisoned darts (quivered)
 i - 22 sling bullets
 n - 16 bolts
 p - 15 arrows
Armour
 b - a +0 leather armour
 c - a +0 pair of boots (worn)
 k - a +3 leather armour (worn)
 l - a +0 helmet (worn)
 r - a +0 cloak (worn)
Jewellery
 h - a ring of resist corrosion (left hand)
Wands
 y - a wand of paralysis (9)
 B - a wand of acid (11)
Scrolls
 d - 2 scrolls of blinking
 g - a scroll of enchant armour {unknown}
 j - 5 scrolls of identify
 m - a scroll of noise {unknown}
 q - a scroll of random uselessness {unknown}
 s - 2 scrolls of teleportation {unknown}
 t - 2 scrolls of fear {unknown}
 u - 5 scrolls of remove curse {unknown}
 v - a scroll of magic mapping {unknown}
Potions
 o - 3 potions of mutation
 x - a potion of might
 z - a potion of brilliance {unknown}
 A - a potion of heal wounds {unknown}


   Skills:
 + Level 4.7 Fighting
 + Level 1.3 Short Blades
 + Level 1.3 Long Blades
 + Level 1.3 Axes
 + Level 1.3 Maces & Flails
 + Level 4.7 Polearms
 + Level 1.3 Staves
 + Level 1.3 Slings
 + Level 1.3 Bows
 + Level 1.3 Crossbows
 + Level 2.9 Throwing
 + Level 2.9 Armour
 + Level 4.7 Dodging
 + Level 1.3 Stealth
 + Level 1.3 Shields
 + Level 1.3 Unarmed Combat
 + Level 5.1 Spellcasting
 + Level 1.1 Conjurations
 + Level 1.1 Hexes
 + Level 1.1 Summonings
 + Level 1.1 Necromancy
 + Level 5.5 Translocations
 + Level 1.1 Transmutations
 + Level 1.1 Fire Magic
 + Level 1.1 Ice Magic
 + Level 1.1 Air Magic
 + Level 1.1 Earth Magic
 + Level 1.1 Poison Magic
 + Level 1.5 Invocations
 + Level 1.3 Evocations


You had 9 spell levels left.
You knew the following spells:

 Your Spells              Type           Power        Failure   Level
a - Blink                 Tloc           N/A          3%          2
b - Teleport Other        Tloc           ###.....     6%          3

Your spell library contained the following spells:

 Spells                   Type           Power        Failure   Level
 Gell's Gravitas          Tloc           ###.......   6%          3
 Lesser Beckoning         Tloc           ###.......   6%          3
 Passage of Golubria      Tloc           N/A          21%         4


Dungeon Overview and Level Annotations

Branches:
Dungeon (3/15)

Altars:
Dithmenos
Gozag
Kikubaaqudgha

Portals:
Abyss: D:3

Annotations:
D:3 jasper's ghost, amateur DsAK


Innate Abilities, Weirdness & Mutations

Your experience applies equally to all skills.
You have very sharp teeth.
Your uncanny sense of smell can sniff out nearby items.


Message History

You can move again.
It was a potion of invisibility.
You fade into invisibility!
You feel less confused. The ufetubus closely misses you. x2
The ufetubus hits you but does no damage.
The ufetubus misses you.
You are very lightly contaminated with residual magic.
You barely miss the ufetubus.
You bite the ufetubus, but do no damage.
The apocalypse crab bites you. The apocalypse crab shocks you!
* * * LOW HITPOINT WARNING * * *
The apocalypse crab closely misses you. The ufetubus barely misses you.
The ufetubus misses you.
Unknown command.
You miss the ufetubus. The ufetubus barely misses you.
The ufetubus closely misses you. The apocalypse crab bites you.
* * * LOW HITPOINT WARNING * * *
The apocalypse crab shocks you!
You die...
Your body crumbles into a pile of gold.

... .. ..# .
..# .. ... ##
.# . # #.#....
##.. ##5.X# ..
#....# #@### #
.#..## #t..#
..#..#. ..
##..# # ..
.#... #..#.#
..### .
..##.#..##
#..##.###
#.....#.#...#.
. .
#.....#....
#....###
#..##...#...#.
... # ...#
.####.#.. ..#
.#


You could see a tentacled starspawn, an apocalypse crab and an ufetubus.

Vanquished Creatures
  4 adders
  An ooze (D:1)
  2 dart slugs (D:1)
  2 leopard geckos
  5 orcs (D:3)
  4 giant cockroaches
  3 goblins
  7 hobgoblins
  10 jackals
  11 kobolds
  2 quokkas (D:3)
  7 bats
  A frilled lizard (D:3)
  A leopard gecko skeleton (D:3)
  5 rats
65 creatures vanquished.

Vanquished Creatures (others)
  2 starspawn tentacles (Abyss:1)
2 creatures vanquished.

Grand Total: 67 creatures vanquished

Notes
Turn   | Place    | Note
-------+----------+-------------------------------------------
     0 | D:1      | jiml777 the Gnoll Warper began the quest for the Orb.
     0 | D:1      | Reached XP level 1. HP: 20/20 MP: 6/6
    91 | D:1      | Reached XP level 2. HP: 25/26 MP: 7/7
   345 | D:1      | Reached XP level 3. HP: 31/31 MP: 9/9
   384 | D:1      | Reached skill level 5 in Spellcasting
   763 | D:2      | Found an ancient bone altar of Kikubaaqudgha.
   777 | D:2      | Reached skill level 1 in Invocations
   895 | D:2      | Found an opulent altar of Gozag.
   903 | D:2      | Became a worshipper of Gozag Ym Sagoz the Greedy
   913 | D:2      | Learned a level 2 spell: Blink
   917 | D:2      | Learned a level 3 spell: Teleport Other
  1037 | D:2      | Reached skill level 1 in Short Blades
  1037 | D:2      | Reached skill level 1 in Long Blades
  1037 | D:2      | Reached skill level 1 in Axes
  1037 | D:2      | Reached skill level 1 in Maces & Flails
  1037 | D:2      | Reached skill level 1 in Staves
  1037 | D:2      | Reached skill level 1 in Slings
  1037 | D:2      | Reached skill level 1 in Bows
  1037 | D:2      | Reached skill level 1 in Crossbows
  1037 | D:2      | Reached skill level 1 in Stealth
  1037 | D:2      | Reached skill level 1 in Shields
  1037 | D:2      | Reached skill level 1 in Unarmed Combat
  1037 | D:2      | Reached skill level 1 in Evocations
  1635 | D:3      | Reached XP level 4. HP: 38/38 MP: 11/11
  1709 | D:3      | Noticed jasper's ghost (amateur DsAK)
  1878 | D:3      | Found a shadowy altar of Dithmenos.
  1965 | D:3      | Reached skill level 1 in Conjurations
  1965 | D:3      | Reached skill level 1 in Hexes
  1965 | D:3      | Reached skill level 1 in Summonings
  1965 | D:3      | Reached skill level 1 in Necromancy
  1965 | D:3      | Reached skill level 1 in Transmutations
  1965 | D:3      | Reached skill level 1 in Fire Magic
  1965 | D:3      | Reached skill level 1 in Ice Magic
  1965 | D:3      | Reached skill level 1 in Air Magic
  1965 | D:3      | Reached skill level 1 in Earth Magic
  1965 | D:3      | Reached skill level 1 in Poison Magic
  2412 | D:3      | Reached XP level 5. HP: 36/43 MP: 12/12
  2522 | D:3      | Found a transporter.
  2568 | D:3      | Found a transporter.
  2575 | D:3      | Found a one-way gate to the infinite horrors of the Abyss.
  2878 | D:3      | Cast into level 1 of the Abyss (gnoll)
  2936 | Abyss:1  | Noticed an apocalypse crab
  2947 | Abyss:1  | Noticed a tentacled starspawn
  2952 | Abyss:1  | Noticed a black draconian
  2961 | Abyss:1  | Paralysed by you for 2 turns
  2967 | Abyss:1  | Slain by an apocalypse crab

Illustrated notes

Levels and vault maps discovered:
D:1:      lightli_arrival_chessboard, layout_loops_cross, grunt_decor_clamped
D:2:      layout_loops_corners, nicolae_overflow_crystal_walls,
          nicolae_gozag_cash_rules_everything_around_me
D:3:      layout_loops_ring, nicolae_dithmenos_shadow_blocks,
          gammafunk_ghost_abyssal_escape
Abyss:1:  base: D:3, patterned_corridor

Skill      XL: |  1  2  3  4 |
---------------+-------------+-----
Spellcasting   | 5 |  5.1
Invocations    | 1 |  1.5
Short Blades   | 1 |  1.3
Long Blades    | 1 |  1.3
Axes           | 1 |  1.3
Maces & Flails | 1 |  1.3
Staves         | 1 |  1.3
Slings         | 1 |  1.3
Bows           | 1 |  1.3
Crossbows      | 1 |  1.3
Stealth        | 1 |  1.3
Shields        | 1 |  1.3
Unarmed Combat | 1 |  1.3
Evocations     | 1 |  1.3
Conjurations   | 1 |  1.1
Hexes          | 1 |  1.1
Summonings     | 1 |  1.1
Necromancy     | 1 |  1.1
Transmutations | 1 |  1.1
Fire Magic     | 1 |  1.1
Ice Magic      | 1 |  1.1
Air Magic      | 1 |  1.1
Earth Magic    | 1 |  1.1
Poison Magic   | 1 |  1.1
Fighting       | |  4.7
Polearms       | |  4.7
Throwing       | |  2.9
Armour         | |  2.9
Dodging        | |  4.7
Translocations | |  5.5

Action                   |  1- 3 |  4- 6 || total
-------------------------+-------+-------++-------
Melee: Spear             |   108 |   159 ||   267
       Bite              |    12 |     9 ||    21
       Punch             |       |     1 ||     1
 Cast: Blink             |       |     1 ||     1
  Use: Scroll            |     1 |     2 ||     3
       Potion            |       |     1 ||     1
 Stab: Sleeping          |     2 |     2 ||     4
Armor: Leather armour    |    26 |    48 ||    74
Dodge: Dodged            |    78 |   128 ||   206

Table legend: (Time is in decaauts)
 A = Elapsed time spent in this place.
 B = Non-inter-level travel time spent in this place.
 C = Inter-level travel time spent in this place.
 D = Time resting spent in this place.
 E = Time spent auto-exploring this place.
 F = Levels seen in this place.
 G = Mean time per level.
                   A        B        C        D        E       F      G
               +--------+--------+--------+--------+--------+-----+--------+
         Total |   2931 |   2877 |     54 |    246 |   1328 |   4 |  732.8 |
       Dungeon |   2843 |   2789 |     54 |    246 |   1328 |   3 |  947.7 |
         Abyss |     88 |     88 |      0 |      0 |      0 |   1 |   88.0 |
               +--------+--------+--------+--------+--------+-----+--------+

Top non-repeatable levels by time:
     D:3: 1232 daAuts
     D:2: 941 daAuts
     D:1: 669 daAuts
 Abyss:1: 88 daAuts
